 Dungeon Crawl Stone Soup version 0.21.1-1-g345015f (webtiles) character file.

835 Monsterracer the Chopper (level 7, -2/64 HPs)
             Began as a Deep Dwarf Fighter on June 3, 2018.
             Slain by Tarasboulda's ghost (4 damage)
             ... on level 6 of the Dungeon.
             The game lasted 00:02:28 (2283 turns).

Monsterracer the Chopper (Deep Dwarf Fighter)       Turns: 2283, Time: 00:02:29

Health: -2/64      AC:  8    Str: 27    XL:     7   Next: 66%
Magic:  7/7        EV:  5    Int:  8    God:
Gold:   180        SH: 10    Dex: 12    Spells: 6/6 levels left

rFire    . . .     SeeInvis .   a - +1 war axe (chop)
rCold    . . .     Gourm    .   f - +1 shield
rNeg     . . .     Faith    .   g - +0 chain mail
rPois    +         Spirit   .   (no helmet)
rElec    .         Reflect  .   (no cloak)
rCorr    .         Harm     .   (no gloves)
MR       +....                  (no boots)
Stlth    ..........             (no amulet)
HPRegen  0.00/turn              i - ring of poison resistance (curse)
MPRegen  0.10/turn              (no ring)

@: mighty, non-regenerating, very heavily drained
A: damage resistance, heal wounds, sense surroundings 1, no regeneration
a: Heal Wounds


You were on level 6 of the Dungeon.
You were not hungry.

You visited 1 branch of the dungeon, and saw 6 of its levels.
You also visited: Sewer.

You collected 180 gold pieces.

Inventory:

Hand Weapons
 a - a +1 war axe of chopping (weapon)
Armour
 f - a +1 shield (worn)
 g - a +0 chain mail (worn)
Jewellery
 i - a cursed ring of poison resistance (left hand)
Scrolls
 e - 3 scrolls of remove curse
 o - 3 scrolls of teleportation
 s - a scroll of fog
Potions
 b - a potion of heal wounds {unknown}
 h - 2 potions of curing
 j - a potion of flight
 l - 2 potions of brilliance
 m - a potion of resistance
 n - a potion of degeneration {unknown}
 p - a potion of mutation {unknown}
 q - a potion of haste {unknown}
Comestibles
 c - 7 rations
 k - 3 chunks of flesh


   Skills:
 + Level 4.1(0.9) Fighting
 * Level 5.9(2.5) Axes
 + Level 5.0(1.6) Armour
 + Level 3.6(0.3) Dodging
 + Level 5.0(1.7) Shields


You had 6 spell levels left.
You didn't know any spells.

Dungeon Overview and Level Annotations

Branches:
Dungeon (6/15)
 Temple: D:4-7

Altars:
Qazlal

Annotations:
D:6 Tarasboulda's ghost, novice DrBe


Innate Abilities, Weirdness & Mutations

You are resistant to damage.
You can heal yourself by infusing magical energy.
You passively map a small area around you.
You do not regenerate.


Message History

The jackal stops to sniff the ground.
You block the jackal's attack.
You slash the jackal!
You kill the jackal!
No target in view!
No target in view!
No target in view!
No target in view!
No target in view!
You feel much better.
You regained 27 hp, and now have 62/64 hp.
Things that are here:
a giant club; an ogre corpse No target in view!
You butcher the ogre corpse.
k - 4 chunks of flesh
Things that are here:
a giant club; an ogre skeleton
Things that are here:
a giant club; an ogre skeleton Eating one of 4 chunks of flesh.
You eat one of the 4 chunks of flesh.
This raw flesh tastes terrible.
Found 43 stones.
Found a stormy altar of Qazlal.
No target in view!
There is a shaft here.
You now have 180 gold pieces (gained 12).
Key pressed, stopping explore.
No target in view!
No target in view!
Tarasboulda's ghost (novice Grey Draconian Berserker) comes into view.
It is wielding a weapon of draining.
Tarasboulda's ghost is nearby!
You block Tarasboulda's ghost's attack.
Tarasboulda's ghost is nearby!
You miss Tarasboulda's ghost. Tarasboulda's ghost barely misses you.
You closely miss Tarasboulda's ghost. You block Tarasboulda's ghost's attack.
You miss Tarasboulda's ghost.
Tarasboulda's ghost hits you but does no damage.
You feel drained.
You barely miss Tarasboulda's ghost. Tarasboulda's ghost barely misses you.
You block Tarasboulda's ghost's attack.
Your shield and chain mail prevent you from hitting Tarasboulda's ghost.
Tarasboulda's ghost hits you but does no damage.
You feel drained.
You closely miss Tarasboulda's ghost. Tarasboulda's ghost hits you!
You feel drained.
You take 8 damage, and have 54/64 hp.
You closely miss Tarasboulda's ghost. You block Tarasboulda's ghost's attack.
You hit Tarasboulda's ghost but do no damage.
Tarasboulda's ghost hits you!
You feel drained.
Tarasboulda's ghost hits you but does no damage.
You feel drained.
You take 8 damage, and have 46/64 hp.
You miss Tarasboulda's ghost. Tarasboulda's ghost hits you.
You feel drained.
You take 4 damage, and have 42/64 hp.
You slash Tarasboulda's ghost!
Tarasboulda's ghost is lightly damaged.
You block Tarasboulda's ghost's attack.
You barely miss Tarasboulda's ghost.
Tarasboulda's ghost is lightly damaged.
Tarasboulda's ghost barely misses you. Tarasboulda's ghost hits you!
You feel drained.
You take 8 damage, and have 34/64 hp.
Your shield and chain mail prevent you from hitting Tarasboulda's ghost.
Tarasboulda's ghost is lightly damaged.
Tarasboulda's ghost says very slowly, "There's no hope."
You block Tarasboulda's ghost's attack.
Press: ? - help, v - describe, . - travel The floor.
Found 7 gold pieces.
You feel very mighty all of a sudden. You block Tarasboulda's ghost's attack.
You slash Tarasboulda's ghost!
Tarasboulda's ghost is moderately damaged.
Tarasboulda's ghost hits you!
You feel drained.
You take 10 damage, and have 24/64 hp.
Unknown command.
Your shield and chain mail prevent you from hitting Tarasboulda's ghost.
Tarasboulda's ghost is moderately damaged.
You block Tarasboulda's ghost's attack.
You miss Tarasboulda's ghost.
Tarasboulda's ghost is moderately damaged.
You block Tarasboulda's ghost's attack. Tarasboulda's ghost hits you!
* * * LOW HITPOINT WARNING * * *
You feel drained.
You take 5 damage, and have 19/64 hp.
You closely miss Tarasboulda's ghost.
Tarasboulda's ghost is moderately damaged.
Tarasboulda's ghost hits you!
* * * LOW HITPOINT WARNING * * *
You feel drained.
You take 7 damage, and have 12/64 hp.
You slice Tarasboulda's ghost!!
Tarasboulda's ghost is severely damaged.
You block Tarasboulda's ghost's attack. Tarasboulda's ghost barely misses you.
You closely miss Tarasboulda's ghost.
Tarasboulda's ghost is heavily damaged.
Tarasboulda's ghost hits you!
* * * LOW HITPOINT WARNING * * *
You feel drained.
You die...

..# #....#................. * #
#.# #....#.................
####.##.###......................
............#.##.................
#.........#.##.................
#..##.##..#.##................# #
, #.##..#.##............)...# *
#..........##+####..#.....#
,...........W@.........#.....#
.$...........................
........#.#.######.##..###...
,........#....................
######....#.#.#####.#..###...
#..###.#..####....# #... *
#..##^..≈..^^.#...# #...
##..#.##.§..###≈...# #...
,,.....≈≈^§..^# ...#*#...


You could see Tarasboulda's ghost.

Vanquished Creatures
  The ghost of inmateoo the Skirmisher, an amateur VSAr (D:4)
  Purgy (Sewer)
  A sky beast (D:5)
  An ogre (D:6)
  A bullfrog (D:6)
  A crimson imp (D:5)
  A jelly (D:5)
  2 orc wizards
  An iguana (D:5)
  2 centaur skeletons
  4 gnolls
  An adder (D:3)
  A river rat (D:5)
  An ooze (D:3)
  2 leopard geckos
  8 orcs
  4 giant cockroaches
  2 goblins
  3 hobgoblins
  9 jackals
  A quokka (D:3)
  2 ball pythons (D:5)
  7 bats
  8 frilled lizards
  8 kobolds
  12 rats
85 creatures vanquished.

Notes
Turn   | Place    | Note
-------+----------+-------------------------------------------
     0 | D:1      | Monsterracer the Deep Dwarf Fighter began the quest for the Orb.
     0 | D:1      | Reached XP level 1. HP: 20/20 MP: 1/1
     6 | D:1      | Noticed a black bear
     6 | D:1      | Noticed a hound
     6 | D:1      | Noticed a wyvern
    12 | D:1      | Reached XP level 2. HP: 17/27 MP: 2/2
   278 | D:1      | Reached skill level 1 in Dodging
   479 | D:2      | Reached XP level 3. HP: 15/33 MP: 3/3
   919 | D:4      | Reached XP level 4. HP: 38/42 MP: 4/4
   937 | D:4      | Noticed inmateoo's ghost (amateur VSAr)
   946 | D:4      | Killed inmateoo's ghost
   946 | D:4      | Reached XP level 5. HP: 34/49 MP: 5/5
  1204 | D:4      | Reached XP level 6. HP: 22/56 MP: 6/6
  1377 | D:5      | Entered Level 5 of the Dungeon
  1388 | D:5      | Noticed a sky beast
  1418 | D:5      | Killed a sky beast
  1418 | D:5      | Reached skill level 5 in Axes
  1529 | D:5      | Found a glowing drain.
  1540 | Sewer    | Entered a sewer
  1577 | Sewer    | Noticed Purgy
  1594 | Sewer    | Killed Purgy
  1594 | Sewer    | Reached XP level 7. HP: 53/63 MP: 7/7
  2209 | D:6      | Reached skill level 5 in Armour
  2209 | D:6      | Reached skill level 5 in Shields
  2226 | D:6      | Found a stormy altar of Qazlal.
  2253 | D:6      | Noticed Tarasboulda's ghost (novice DrBe)
  2283 | D:6      | HP: 2/64 [Tarasboulda's ghost (10)]
  2283 | D:6      | Slain by Tarasboulda's ghost

Skill      XL: |  1  2  3  4  5  6  7 |
---------------+----------------------+-----
Dodging        | 1 2 3 |  3.6
Axes           | 3 4 5 |  5.9
Fighting       | 3 4 |  4.1
Armour         | 4 5 |  5.0
Shields        | 4 5 |  5.0

Action                   |  1- 3 |  4- 6 |  7- 9 || total
-------------------------+-------+-------+-------++-------
Melee: War axe           |   125 |   124 |    56 ||   305
 Abil: Heal Wounds       |     1 |     4 |     1 ||     6
  Use: Scroll            |     8 |     2 |     1 ||    11
       Potion            |       |       |     1 ||     1
  Eat: Chunk             |       |     3 |     2 ||     5
Armor: Scale mail        |    80 |     7 |       ||    87
       Chain mail        |       |    70 |    20 ||    90
Dodge: Dodged            |    50 |    38 |    15 ||   103
Block: Shield            |    83 |    75 |    31 ||   189

Vault maps used:
D:1:      onia_arrival_zoo_common
D:3:      chequers_ecumenical_altar_simple_redux
D:4:      first_ration
D:5:      portal_sewer_entry_b
D:6:      grunt_qazlal_sundering, basic_altar
Sewer:    kennysheep_door_sewer
